 Dungeon Crawl Stone Soup version 0.21.1-1-g345015f (webtiles) character file.

59 theblackcape the Magician (level 4, -1/32 HPs)
             Began as a Gnoll Wanderer on June 18, 2018.
             Slain by a hound (3 damage)
             ... on level 2 of the Dungeon.
             The game lasted 00:08:04 (954 turns).

theblackcape the Magician (Gnoll Wanderer)           Turns: 954, Time: 00:08:05

Health: -1/32      AC:  4    Str: 21 (22) XL:     4   Next: 3%
Magic:  14/20      EV: 11    Int: 14 (15) God:
Gold:   49         SH:  0    Dex:  9 (12) Spells: 10/13 levels left

rFire    . . .     SeeInvis .   n - +1 dagger (elec)
rCold    . . .     Gourm    .   (no shield)
rNeg     . . .     Faith    .   m - +0 leather armour
rPois    .         Spirit   .   i - +1 hat
rElec    .         Reflect  .   (no cloak)
rCorr    .         Harm     .   (no gloves)
MR       +....                  (no boots)
Stlth    +.........             (no amulet)
HPRegen  0.10/turn              o - ring of magical power
MPRegen  0.17/turn              r - ring of protection from magic

@: mighty
A: distributed training, fangs 1, strong nose
a: no special abilities


You were on level 2 of the Dungeon.
You were not hungry.

You visited 1 branch of the dungeon, and saw 2 of its levels.

You collected 49 gold pieces.

Inventory:

Hand Weapons
 b - a +0 shortbow
 n - a +1 dagger of electrocution (weapon)
Missiles
 c - 53 arrows
Armour
 i - a +1 hat (worn)
 m - a +0 leather armour (worn)
Jewellery
 o - a ring of magical power (left hand)
 r - a ring of protection from magic (right hand)
Wands
 d - a wand of random effects (14)
Scrolls
 g - 2 scrolls of teleportation
 j - 3 scrolls of fog {unknown}
 l - 4 scrolls of remove curse {unknown}
 p - 2 scrolls of identify {unknown}
Potions
 e - a potion of degeneration
 k - 2 potions of might
 q - a potion of resistance {unknown}
Books
 a - a book of Minor Magic

   Spells                             Type                      Level
   a - Magic Dart                     Conjuration                  1
   b - Blink                          Translocation                2
   c - Call Imp                       Summoning                    2
   d - Slow                           Hexes                        2
   e - Conjure Flame                  Conjuration/Fire             3
   f - Mephitic Cloud                 Conjuration/Poison/Air       3
Comestibles
 f - 4 rations
 h - 9 chunks of flesh


   Skills:
 + Level 1.0 Fighting
 + Level 1.0 Short Blades
 + Level 1.0 Long Blades
 + Level 1.0 Axes
 + Level 1.0 Maces & Flails
 + Level 1.0 Polearms
 + Level 1.0 Staves
 + Level 1.0 Slings
 + Level 4.6 Bows
 + Level 1.0 Crossbows
 + Level 1.0 Throwing
 + Level 2.7 Armour
 + Level 1.0 Dodging
 + Level 1.0 Stealth
 + Level 1.0 Shields
 + Level 1.0 Unarmed Combat
 + Level 5.0 Spellcasting
 + Level 3.8 Conjurations
 + Level 2.2 Hexes
 + Level 0.7 Charms
 + Level 0.7 Summonings
 + Level 0.7 Necromancy
 + Level 0.7 Translocations
 + Level 0.7 Transmutations
 + Level 0.7 Fire Magic
 + Level 0.7 Ice Magic
 + Level 0.7 Air Magic
 + Level 0.7 Earth Magic
 + Level 0.7 Poison Magic
 + Level 1.1 Invocations
 + Level 4.6 Evocations


You had 10 spell levels left.
You knew the following spells:

 Your Spells              Type           Power        Failure   Level  Hunger
a - Magic Dart            Conj           ##..         4%          1    None
b - Slow                  Hex            #.......     12%         2    ##.....


Dungeon Overview and Level Annotations

Branches:
Dungeon (2/15)

Altars:

Annotations:
D:2 Robin


Innate Abilities, Weirdness & Mutations

Your experience applies equally to all skills.
You have very sharp teeth.
Your uncanny sense of smell can sniff out nearby items.


Message History

The hound stops to sniff the ground.
It was a potion of might.
You feel very mighty all of a sudden. The goblin misses you.
You puncture the goblin! Lightning courses through the goblin!
You kill the goblin!
You have reached level 4!
You feel stronger.
You completely miss the hobgoblin. The hobgoblin barely misses you.
You puncture the hobgoblin!
You kill the hobgoblin!
The hound bites you.
* * * LOW HITPOINT WARNING * * *
You miss the hound. The hound bites you but does no damage.
You puncture the hound! Your bite misses the hound.
The hound is almost dead.
The hound bites you.
* * * LOW HITPOINT WARNING * * *
The hound bites you.
You die...

#...............).......#.# #.
#.####.#............###.#.######.
#.# #.#....#.>..................
#.# #.#...........#.####.###....
#.# #......#......#.# #.#.'....
#.# ################.# #.#.#....
#.. .............†...# #.#.#####
### #....>.#######..# #.#.#
#.....)[)gh@....# #.#.#
#?....)#######.## #.#.# #.....)#
#.# #.#.# ###+###. #.# #.#.# g
#.# #.#.# g. #.#####.#.# ∆..
#.......# ..# #########


You could see a hound and Robin.

Vanquished Creatures
  A worm (D:2)
  3 dart slugs (D:1)
  A leopard gecko (D:2)
  3 giant cockroaches
  13 goblins
  6 hobgoblins
  4 bats
  3 frilled lizards
  9 kobolds
  A rat (D:1)
44 creatures vanquished.

Notes
Turn   | Place    | Note
-------+----------+-------------------------------------------
     0 | D:1      | theblackcape the Gnoll Wanderer began the quest for the Orb.
     0 | D:1      | theblackcape set off with: a book of Minor Magic, a +0 shortbow, 25 arrows, a wand of random effects (15), a +0 robe, a ration
     0 | D:1      | Reached XP level 1. HP: 13/13 MP: 6/6
     7 | D:1      | Learned a level 1 spell: Magic Dart
   135 | D:1      | Reached XP level 2. HP: 16/19 MP: 7/7
   491 | D:1      | Reached XP level 3. HP: 25/25 MP: 2/9
   612 | D:2      | Reached skill level 5 in Spellcasting
   698 | D:2      | Learned a level 2 spell: Slow
   813 | D:2      | Reached skill level 1 in Invocations
   927 | D:2      | Noticed Robin
   940 | D:2      | Reached skill level 1 in Fighting
   940 | D:2      | Reached skill level 1 in Short Blades
   940 | D:2      | Reached skill level 1 in Long Blades
   940 | D:2      | Reached skill level 1 in Axes
   940 | D:2      | Reached skill level 1 in Maces & Flails
   940 | D:2      | Reached skill level 1 in Polearms
   940 | D:2      | Reached skill level 1 in Staves
   940 | D:2      | Reached skill level 1 in Slings
   940 | D:2      | Reached skill level 1 in Crossbows
   940 | D:2      | Reached skill level 1 in Throwing
   940 | D:2      | Reached skill level 1 in Dodging
   940 | D:2      | Reached skill level 1 in Stealth
   940 | D:2      | Reached skill level 1 in Shields
   940 | D:2      | Reached skill level 1 in Unarmed Combat
   950 | D:2      | Reached XP level 4. HP: 5/32 MP: 11/11
   954 | D:2      | Slain by a hound

Skill      XL: |  1  2  3 |
---------------+----------+-----
Hexes          | 2 |  2.2
Spellcasting   | 5 |  5.0
Invocations    | 1 |  1.1
Fighting       | 1 |  1.0
Short Blades   | 1 |  1.0
Long Blades    | 1 |  1.0
Axes           | 1 |  1.0
Maces & Flails | 1 |  1.0
Polearms       | 1 |  1.0
Staves         | 1 |  1.0
Slings         | 1 |  1.0
Crossbows      | 1 |  1.0
Throwing       | 1 |  1.0
Dodging        | 1 |  1.0
Stealth        | 1 |  1.0
Shields        | 1 |  1.0
Unarmed Combat | 1 |  1.0
Bows           | |  4.6
Armour         | |  2.7
Conjurations   | |  3.8
Charms         | |  0.7
Summonings     | |  0.7
Necromancy     | |  0.7
Translocations | |  0.7
Transmutations | |  0.7
Fire Magic     | |  0.7
Ice Magic      | |  0.7
Air Magic      | |  0.7
Earth Magic    | |  0.7
Poison Magic   | |  0.7
Evocations     | |  4.6

Action                   |  1- 3 |  4- 6 || total
-------------------------+-------+-------++-------
Melee: Dagger            |    27 |     4 ||    31
       Bite              |     3 |       ||     3
 Fire: Shortbow          |    30 |       ||    30
 Cast: Magic Dart        |    55 |       ||    55
Evoke: Wand              |     1 |       ||     1
  Use: Scroll            |     1 |       ||     1
       Potion            |     2 |       ||     2
Armor: Leather armour    |    12 |     1 ||    13
Dodge: Dodged            |    25 |     1 ||    26
